[Event "36th Indian-ch U13 Girls 2023"]
[Site "Secunderabad"]
[Date "2023.12.07"]
[Round "6.2"]
[White "Pratyasha Jena"]
[Black "Gorli Nyna"]
[Result "1/2-1/2"]
[ECO "B49"]
[WhiteElo "1603"]
[BlackElo "1652"]
[Annotator "NA RC"]
[PlyCount "115"]
[EventDate "2023.12.04"]
[EventType "swiss"]
[EventCountry "IND"]
[SourceTitle "playchess.com"]
[Source "ChessBase"]
[SourceQuality "1"]
[TimeControl "5400+30"]

1. e4 c5 2. Nf3 e6 3. d4 cxd4 4. Nxd4 a6 5. Nc3 Nc6 6. Be2 Qc7 7. a3 Nf6 8. Be3 b5 9. O-O Bb7 10. Nxc6 Bxc6 11. Qd4 Bd6 12. g3 Be5 13. Qd3 O-O 14. Bd4 d5 15. Bxe5 Qxe5 16. exd5 Nxd5 17. f4 Qc7 18. Bf3 Qb6+ 19. Rf2 Rfd8 20. Nxd5 Bxd5 21. Bxd5 Rxd5 22. Qf3 Rad8 23. Kg2 h6 24. Re1 Qd4 25. c3 Qc4 26. Qe4 Qb3 27. Qc2 Qc4 28. Qe4 Qc5 29. Ree2 Qc8 30. Qf3 Qd7 31. Qe4 Qc8 32. Qf3 R8d6 33. Qe4 Qd7 34. Qf3 Rd1 35. f5 exf5 36. Qxf5 Re6 37. Rxe6 fxe6 38. Qe4 Qd5 39. Qxd5 Rxd5 40. Kf1 a5 41. Ke2 g5 42. b3 a4 43. bxa4 bxa4 44. Ke3 Rd1 45. c4 Ra1 46. Kd4 Rxa3 47. Rf6 Ra1 48. Rxe6 a3 49. Kc3 Rc1+ 50. Kb3 Kg7 51. Rc6 Rh1 52. Kxa3 Rxh2 53. Rd6 Rg2 54. Rd3 h5 55. c5 Rc2 56. Kb4 Kf6 57. Kb5 Kf5 58. Kb6 1/2-1/2

[Event "36th Indian-ch U13 Girls 2023"]
[Site "Secunderabad"]
[Date "2023.12.07"]
[Round "6.3"]
[White "Saparya Ghosh"]
[Black "Kirthika B"]
[Result "1/2-1/2"]
[ECO "E62"]
[WhiteElo "1662"]
[BlackElo "1605"]
[Annotator "NA RC"]
[PlyCount "76"]
[EventDate "2023.12.04"]
[EventType "swiss"]
[EventCountry "IND"]
[SourceTitle "playchess.com"]
[Source "ChessBase"]
[SourceQuality "1"]
[TimeControl "5400+30"]

1. d4 Nf6 2. c4 g6 3. g3 Bg7 4. Bg2 O-O 5. Nc3 d6 6. h3 e5 7. Nf3 Nc6 8. O-O exd4 9. Nxd4 Bd7 10. Be3 Re8 11. Qd2 Qc8 12. Kh2 Ne5 13. b3 h5 14. Nf3 a6 15. Nxe5 dxe5 16. Bg5 Bc6 17. Bxc6 bxc6 18. Rad1 Qf5 19. Bxf6 Qxf6 20. Ne4 Qe7 21. Qd7 f5 22. Nc3 Qxd7 23. Rxd7 e4 24. Na4 Be5 25. Nc5 a5 26. Rfd1 Ra7 27. Rd8 Rxd8 28. Rxd8+ Kf7 29. Nd7 Bd6 30. Rc8 c5 31. Kg2 Rb7 32. Rb8 Ra7 33. Rc8 Rb7 34. Rb8 Ra7 35. Rc8 Rb7 36. Rb8 Ra7 37. Rc8 Rb7 38. Rb8 Ra7 1/2-1/2

[Event "36th Indian-ch U13 Girls 2023"]
[Site "Secunderabad"]
[Date "2023.12.07"]
[Round "6.4"]
[White "Samhita Pungavanam"]
[Black "Arshiya Das"]
[Result "0-1"]
[ECO "B23"]
[WhiteElo "1437"]
[BlackElo "1729"]
[Annotator "NA RC"]
[PlyCount "114"]
[EventDate "2023.12.04"]
[EventType "swiss"]
[EventCountry "IND"]
[SourceTitle "playchess.com"]
[Source "ChessBase"]
[SourceQuality "1"]
[TimeControl "5400+30"]

1. e4 c5 2. Nc3 d6 3. f4 g6 4. Nf3 Bg7 5. Bb5+ Bd7 6. a4 Nc6 7. d3 Nd4 8. Be3 e6 9. O-O Ne7 10. Bxd4 cxd4 11. Bxd7+ Qxd7 12. Nb5 e5 13. Qd2 O-O 14. Qb4 Nc8 15. Qc4 Nb6 16. Qb4 Nc8 17. a5 h6 18. Qc4 Ne7 19. Qb4 Nc8 20. Qc4 Ne7 21. Qb4 Nc8 22. fxe5 dxe5 23. Qc5 Qe7 24. b4 a6 25. Nc7 Rb8 26. Nd5 Qd8 27. Nc7 Nd6 28. Nd5 Rc8 29. Qb6 Qd7 30. b5 axb5 31. a6 Rc6 32. Qa7 Kh7 33. axb7 Nxb7 34. Nb4 Rc7 35. Qb6 Nd8 36. Ra5 Rb7 37. Qc5 Ne6 38. Qc6 Qxc6 39. Nxc6 f6 40. Ra7 Rxa7 41. Nxa7 Rb8 42. Rb1 Nc7 43. Nd2 Bf8 44. Nb3 Ra8 45. Ra1 Bb4 46. Nc6 Ba3 47. Kf2 Ra6 48. Nca5 Bb2 49. Rb1 Bc3 50. Nb7 Ra2 51. Rc1 Na6 52. Nd6 Nb4 53. Kg3 Nxc2 54. Nxb5 Rb2 55. Nxc3 dxc3 56. Nc5 Nd4 57. Kh3 c2 0-1

[Event "36th Indian-ch U13 Girls 2023"]
[Site "Secunderabad"]
[Date "2023.12.07"]
[Round "6.5"]
[White "Sherali Pattnaik"]
[Black "Modipalli Deekshitha"]
[Result "1-0"]
[ECO "C95"]
[WhiteElo "1575"]
[BlackElo "1394"]
[Annotator "NA RC"]
[PlyCount "101"]
[EventDate "2023.12.04"]
[EventType "swiss"]
[EventCountry "IND"]
[SourceTitle "playchess.com"]
[Source "ChessBase"]
[SourceQuality "1"]
[TimeControl "5400+30"]

1. e4 e5 2. Nf3 Nc6 3. Bb5 a6 4. Ba4 Nf6 5. O-O Be7 6. Re1 b5 7. Bb3 d6 8. c3 O-O 9. h3 Nb8 10. d4 Nbd7 11. Nbd2 Bb7 12. Bc2 Re8 13. Nf1 Bf8 14. Ng3 g6 15. a4 c5 16. d5 c4 17. Bg5 h6 18. Be3 Qc7 19. Qd2 Kh7 20. Ra3 Nc5 21. Rea1 Reb8 22. Qe2 Bg7 23. Nd2 Nfd7 24. Ngf1 Nb6 25. Nh2 Rc8 26. axb5 axb5 27. Rxa8 Rxa8 28. Rxa8 Bxa8 29. Qf3 Qe7 30. Qd1 Qc7 31. Qa1 Qb7 32. Qa5 Nbd7 33. Nb1 Qa6 34. Qxa6 Nxa6 35. Na3 b4 36. Nxc4 bxc3 37. bxc3 Bf8 38. Kf1 Ndc5 39. Ke2 Be7 40. Nf1 Kg7 41. Nfd2 Bb7 42. Nb3 Nxb3 43. Bxb3 f5 44. f3 f4 45. Bb6 Kf6 46. Ba4 Nc5 47. Bb5 g5 48. Bc7 h5 49. Bxd6 Bxd6 50. Nxd6 Ba8 51. Bc6 1-0

[Event "36th Indian-ch U13 Girls 2023"]
[Site "Secunderabad"]
[Date "2023.12.07"]
[Round "6.6"]
[White "Yasaswi Krishna Bommi"]
[Black "Saranya Devi Narahari"]
[Result "0-1"]
[ECO "A07"]
[WhiteElo "1543"]
[BlackElo "1392"]
[Annotator "NA RC"]
[PlyCount "150"]
[EventDate "2023.12.04"]
[EventType "swiss"]
[EventCountry "IND"]
[SourceTitle "playchess.com"]
[Source "ChessBase"]
[SourceQuality "1"]
[TimeControl "5400+30"]

1. Nf3 d5 2. g3 Nd7 3. Bg2 e5 4. d3 Ngf6 5. O-O Bc5 6. Nc3 c6 7. e4 dxe4 8. dxe4 O-O 9. Qe2 Re8 10. Na4 Bb6 11. Nxb6 axb6 12. Rd1 Qe7 13. Bd2 Nc5 14. Ne1 Be6 15. a3 Nfd7 16. Bb4 f6 17. Rd2 Qf7 18. Rad1 b5 19. Bf3 Na6 20. Bd6 Rad8 21. Ng2 Ndc5 22. Bg4 Na4 23. c3 Bb3 24. Re1 Nb6 25. Ne3 g6 26. h4 Be6 27. Bxe6 Qxe6 28. Red1 Na4 29. Bb4 Rxd2 30. Rxd2 N6c5 31. Bxc5 Nxc5 32. Qf3 Kg7 33. h5 Re7 34. Kg2 Rd7 35. Rxd7+ Nxd7 36. g4 Nc5 37. Nf1 Qc4 38. Ng3 Qd3 39. h6+ Kf7 40. b4 Qxf3+ 41. Kxf3 Na4 42. Ne2 g5 43. Ke3 Nb2 44. Nc1 Kg6 45. Nb3 b6 46. Nd2 Nd1+ 47. Ke2 Nxc3+ 48. Kd3 Na4 49. f3 Kxh6 50. Kc2 Kg6 51. Nf1 h5 52. Ng3 h4 53. Nh1 h3 54. Ng3 h2 55. Kb3 c5 56. bxc5 bxc5 57. Nh1 Nb6 58. Ng3 Kf7 59. Kc3 Ke6 60. Kd3 Nc4 61. a4 Nb2+ 62. Ke3 Nxa4 63. Kd3 c4+ 64. Kc2 b4 65. Kc1 b3 66. Kb1 c3 67. Kc1 c2 68. Nh1 Nc3 69. Kb2 Ne2 70. f4 c1=Q+ 71. Kxb3 Qc3+ 72. Ka4 Nd4 73. f5+ Kd6 74. Ng3 Qb3+ 75. Ka5 Qb5# 0-1

[Event "36th Indian-ch U13 Girls 2023"]
[Site "Secunderabad"]
[Date "2023.12.07"]
[Round "6.9"]
[White "Nihira Koul"]
[Black "Debarati Dey"]
[Result "1-0"]
[ECO "A21"]
[WhiteElo "1484"]
[BlackElo "1323"]
[Annotator "NA RC"]
[PlyCount "89"]
[EventDate "2023.12.04"]
[EventType "swiss"]
[EventCountry "IND"]
[SourceTitle "playchess.com"]
[Source "ChessBase"]
[SourceQuality "1"]
[TimeControl "5400+30"]

1. c4 e5 2. Nc3 Bb4 3. g3 Bxc3 4. bxc3 d6 5. Bg2 Ne7 6. d4 O-O 7. Nf3 f6 8. O-O Nbc6 9. Ba3 Rb8 10. e4 f5 11. dxe5 dxe5 12. Qxd8 Rxd8 13. Bxe7 Nxe7 14. Nxe5 Re8 15. Rfe1 fxe4 16. Bxe4 Nf5 17. Bd5+ Kf8 18. Rab1 Ne7 19. Rbd1 Nf5 20. c5 c6 21. Bb3 Nh6 22. Rd4 g5 23. Rd6 Kg7 24. Rxh6 Rxe5 25. Rxe5 Kxh6 26. Re8 b5 27. Be6 Bxe6 28. Rxb8 a5 29. Rd8 Bd5 30. Rxd5 cxd5 31. c6 b4 32. cxb4 d4 33. c7 d3 34. c8=Q d2 35. Qd7 d1=Q+ 36. Qxd1 axb4 37. Qd6+ Kg7 38. Qxb4 h5 39. Qd6 h4 40. gxh4 gxh4 41. a4 h3 42. a5 Kh7 43. a6 Kg7 44. a7 Kh7 45. a8=Q 1-0

[Event "36th Indian-ch U13 Girls 2023"]
[Site "Secunderabad"]
[Date "2023.12.07"]
[Round "7.1"]
[White "Shreya G Hipparagi"]
[Black "Pratyasha Jena"]
[Result "1-0"]
[ECO "C54"]
[WhiteElo "1576"]
[BlackElo "1603"]
[Annotator "NA RC"]
[PlyCount "153"]
[EventDate "2023.12.04"]
[EventType "swiss"]
[EventCountry "IND"]
[SourceTitle "playchess.com"]
[Source "ChessBase"]
[SourceQuality "1"]
[TimeControl "5400+30"]

1. e4 e5 2. Nf3 Nc6 3. Bc4 Bc5 4. c3 Nf6 5. d3 O-O 6. O-O d6 7. b4 Bb6 8. Bg5 Bg4 9. Nbd2 Nb8 10. h3 Be6 11. d4 Bxc4 12. Nxc4 exd4 13. cxd4 h6 14. Bxf6 Qxf6 15. Qd3 Nc6 16. Nxb6 axb6 17. a3 Rfe8 18. Rfe1 Rad8 19. Rac1 Rd7 20. Re3 Rde7 21. b5 Nb8 22. Nd2 c6 23. g3 g5 24. f4 gxf4 25. Rf3 d5 26. e5 Qg6 27. Qxg6+ fxg6 28. gxf4 cxb5 29. Kf2 Nc6 30. Nb3 Ra8 31. Rg1 Kh7 32. h4 Rxa3 33. h5 g5 34. fxg5 hxg5 35. Rxg5 Na5 36. Nxa5 Rxf3+ 37. Kxf3 bxa5 38. Rg6 b4 39. Rb6 b3 40. Rxb3 Kh6 41. Rb5 Kxh5 42. Rxa5 Rd7 43. Kf4 Rf7+ 44. Ke3 Rd7 45. Rb5 Kg4 46. Rb6 Kf5 47. Kd3 Kg5 48. Rf6 Rc7 49. Rd6 Kf5 50. Rxd5 Rc6 51. Rd7 b6 52. Rf7+ Kg6 53. Rf2 Re6 54. Ke4 Rc6 55. Kd5 Rc8 56. Rf6+ Kg5 57. Rxb6 Rd8+ 58. Rd6 Rc8 59. e6 Kf6 60. Rd7 Ra8 61. Rf7+ Kg6 62. Ke5 Ra5+ 63. d5 Ra1 64. Rf4 Ra7 65. Rg4+ Kh5 66. Rg8 Kh6 67. d6 Ra5+ 68. Kf6 Kh7 69. Rg5 Ra6 70. d7 Rd6 71. Ke7 Rd1 72. d8=Q Rxd8 73. Kxd8 Kh6 74. Rg1 Kh5 75. e7 Kh4 76. e8=Q Kh3 77. Qh8# 1-0

[Event "36th Indian-ch U13 Girls 2023"]
[Site "Secunderabad"]
[Date "2023.12.07"]
[Round "7.2"]
[White "Gorli Nyna"]
[Black "Kalyani Sirin"]
[Result "1-0"]
[ECO "C54"]
[WhiteElo "1652"]
[BlackElo "1802"]
[Annotator "NA RC"]
[PlyCount "91"]
[EventDate "2023.12.04"]
[EventType "swiss"]
[EventCountry "IND"]
[SourceTitle "playchess.com"]
[Source "ChessBase"]
[SourceQuality "1"]
[TimeControl "5400+30"]

1. e4 e5 2. Nf3 Nc6 3. Bc4 Bc5 4. c3 Nf6 5. d3 d6 6. h3 a5 {[%emt 0:01:02] 6...a6 is becoming the main line.} 7. a4 O-O 8. O-O h6 9. Re1 Ba7 10. Bb3 Ne7 11. Nbd2 Ng6 12. Nf1 Re8 13. Ng3 Be6 {[%emt 0:01:07] [#]} 14. Bxe6 $146 ({Predecessor:} 14. Be3 Bxe3 15. fxe3 d5 16. exd5 Bxd5 17. Bc2 e4 18. dxe4 Nxe4 19. Nxe4 Bxe4 20. Bxe4 Rxe4 21. Qxd8+ Rxd8 {0-1 Dwilewicz,K (2134)-Cordoba Roa,A (2339) Titled Tuesday intern op 20th Jun Early blitz 2023 (4)}) 14... Rxe6 15. Nf5 d5 16. Qc2 Qd7 17. Bd2 Rd8 18. Rad1 Qe8 19. b3 $11 Ne7 20. N3h4 Nxf5 21. Nxf5 Nh5 22. Be3 Bxe3 23. Rxe3 Nf4 24. Rg3 Rg6 25. Rxg6 Nxg6 26. exd5 Rxd5 27. d4 e4 28. Ng3 e3 29. Re1 exf2+ 30. Qxf2 Qd7 31. Qe3 Kf8 32. Ne2 Rg5 33. Kh1 Nh4 34. Nf4 Nf5 35. Qf3 c6 36. g4 Nh4 37. Qf2 Ng6 38. Ne6+ Kg8 39. Nxg5 hxg5 40. Qf5 Qd8 41. Re4 Nh4 42. Qe5 Kh7 43. Qe7 Qb8 44. Qxf7 Ng6 45. Re6 Nf4 46. Re7 1-0

[Event "36th Indian-ch U13 Girls 2023"]
[Site "Secunderabad"]
[Date "2023.12.07"]
[Round "7.3"]
[White "Arshiya Das"]
[Black "Aadya Gupta"]
[Result "1/2-1/2"]
[ECO "C47"]
[WhiteElo "1729"]
[BlackElo "1460"]
[Annotator "NA RC"]
[PlyCount "79"]
[EventDate "2023.12.04"]
[EventType "swiss"]
[EventCountry "IND"]
[SourceTitle "playchess.com"]
[Source "ChessBase"]
[SourceQuality "1"]
[TimeControl "5400+30"]

1. e4 e5 2. Nf3 Nc6 3. Nc3 Nf6 4. d4 exd4 5. Nxd4 Bb4 6. Nxc6 bxc6 7. Bd3 d5 8. exd5 cxd5 9. O-O O-O 10. h3 c6 11. Qf3 Be6 12. Bg5 Be7 13. Ne2 Rb8 14. b3 h6 15. Be3 c5 16. Nf4 Bc8 17. c3 Bb7 18. Qd1 Qc7 19. Bb1 Bd6 20. Nh5 Nxh5 21. Qxh5 Qe7 22. Bd3 Qf6 23. Rac1 Rbc8 24. Rfe1 Rfe8 25. Bd2 Re5 26. Qg4 Rce8 27. Rxe5 Qxe5 28. f4 Qf6 29. Qd7 Qe7 30. Qg4 Qf6 31. Rf1 Bc8 32. Qf3 Bb7 33. Qg4 Bc8 34. Qf3 Bb7 35. Kh1 Ba8 36. Qg4 Bc6 37. Qf3 Ba8 38. Qg4 Bc6 39. Qf3 Ba8 40. Qg4 1/2-1/2

[Event "36th Indian-ch U13 Girls 2023"]
[Site "Secunderabad"]
[Date "2023.12.07"]
[Round "7.4"]
[White "Kirthika B"]
[Black "Singh Myra"]
[Result "1-0"]
[ECO "C68"]
[WhiteElo "1605"]
[BlackElo "1454"]
[Annotator "NA RC"]
[PlyCount "87"]
[EventDate "2023.12.04"]
[EventType "swiss"]
[EventCountry "IND"]
[SourceTitle "playchess.com"]
[Source "ChessBase"]
[SourceQuality "1"]
[TimeControl "5400+30"]

1. e4 e5 2. Nf3 Nc6 3. Bb5 a6 4. Bxc6 dxc6 5. O-O Bd6 6. d4 exd4 7. Qxd4 f6 8. Be3 Be6 9. Nbd2 Ne7 10. Qc3 Qd7 11. Nb3 Bxb3 12. axb3 O-O 13. Qc4+ Kh8 14. Rad1 Ng6 15. Nd4 Ne5 16. Qe2 Ng4 17. h3 Nxe3 18. Qxe3 Rfe8 19. Rfe1 Rad8 20. Nf5 Qe6 21. f4 b6 22. Qf3 Bc5+ 23. Kh1 Rxd1 24. Rxd1 g6 25. Ng3 Kg7 26. f5 Qe5 27. Qg4 g5 28. h4 Bd6 29. Rd3 Kh8 30. hxg5 fxg5 31. Rf3 Rf8 32. f6 Rxf6 33. Qc8+ Bf8 34. Rxf6 Qxf6 35. e5 Qf2 36. e6 h5 37. Kh2 Kh7 38. Qd7+ Kh6 39. e7 Bxe7 40. Qxe7 h4 41. Qe6+ Kg7 42. Nf5+ Kh7 43. Qh6+ Kg8 44. Qg7# 1-0

[Event "36th Indian-ch U13 Girls 2023"]
[Site "Secunderabad"]
[Date "2023.12.07"]
[Round "7.5"]
[White "Sherali Pattnaik"]
[Black "Shivamshika G"]
[Result "1/2-1/2"]
[ECO "C18"]
[WhiteElo "1575"]
[BlackElo "1424"]
[Annotator "NA RC"]
[PlyCount "62"]
[EventDate "2023.12.04"]
[EventType "swiss"]
[EventCountry "IND"]
[SourceTitle "playchess.com"]
[Source "ChessBase"]
[SourceQuality "1"]
[TimeControl "5400+30"]

1. e4 e6 2. d4 d5 3. Nc3 Bb4 4. e5 c5 5. a3 Bxc3+ 6. bxc3 Ne7 7. Qg4 Qc7 8. Qxg7 Rg8 9. Qxh7 cxd4 10. Ne2 dxc3 11. f4 Nbc6 12. Qd3 d4 13. Nxd4 Nxd4 14. Qxd4 Bd7 15. Rg1 b6 16. Qc4 Qb7 17. g3 Rc8 18. Qe2 Nf5 19. Bg2 Bc6 20. Qf2 Rd8 21. g4 Bxg2 22. Qxg2 Qd7 23. Qe2 Nd4 24. Qe4 Qa4 25. Kf2 Rh8 26. Kg2 Rg8 27. Kf2 Rh8 28. Kg2 Rg8 29. Kf2 Rh8 30. Kg2 Rg8 31. Kf2 Rh8 1/2-1/2

[Event "36th Indian-ch U13 Girls 2023"]
[Site "Secunderabad"]
[Date "2023.12.07"]
[Round "7.6"]
[White "Saranya Devi Narahari"]
[Black "Aamuktha Guntaka"]
[Result "0-1"]
[ECO "C78"]
[WhiteElo "1392"]
[BlackElo "1532"]
[Annotator "NA RC"]
[PlyCount "85"]
[EventDate "2023.12.04"]
[EventType "swiss"]
[EventCountry "IND"]
[SourceTitle "playchess.com"]
[Source "ChessBase"]
[SourceQuality "1"]
[TimeControl "5400+30"]

1. e4 e5 2. Nf3 Nc6 3. Bb5 a6 4. Ba4 Nf6 5. O-O b5 6. Bb3 Bc5 7. c3 d6 8. d3 h6 9. h3 O-O 10. Be3 Bxe3 11. fxe3 Ne7 12. Qe1 Ng6 13. Nbd2 Bb7 14. Qg3 Kh7 15. Nh2 c5 16. Bc2 Qe7 17. Rae1 Rae8 18. Qf2 Bc8 19. Kh1 d5 20. d4 dxe4 21. Nxe4 Nxe4 22. Bxe4 f5 23. Bc6 Rd8 24. a4 bxa4 25. Qc2 cxd4 26. cxd4 exd4 27. exd4 Qb4 28. d5 Bd7 29. Bxd7 Rxd7 30. Re6 Nf4 31. Rxa6 Nxd5 32. Rc6 Ne3 33. Qe2 Nxf1 34. Nxf1 Re7 35. Qf3 Qe4 36. Qc3 Qe1 37. Qf3 Qe2 38. Qf4 Re4 39. Qc1 Rd8 40. Kh2 Rd1 41. Qc5 Qxf1 42. Rc7 Qf4+ 43. g3 0-1

[Event "36th Indian-ch U13 Girls 2023"]
[Site "Secunderabad"]
[Date "2023.12.07"]
[Round "7.7"]
[White "Shradha Smaranika Nanda"]
[Black "Nihira Koul"]
[Result "0-1"]
[ECO "C01"]
[WhiteElo "1235"]
[BlackElo "1484"]
[Annotator "NA RC"]
[PlyCount "170"]
[EventDate "2023.12.04"]
[EventType "swiss"]
[EventCountry "IND"]
[SourceTitle "playchess.com"]
[Source "ChessBase"]
[SourceQuality "1"]
[TimeControl "5400+30"]

1. e4 e6 2. d4 d5 3. exd5 exd5 4. c4 c6 5. Nc3 Nf6 6. Bg5 Be7 7. Be2 Be6 8. Qb3 Qc7 9. Bxf6 Bxf6 10. cxd5 cxd5 11. Nb5 Qd7 12. Qg3 Na6 13. Nd6+ Ke7 14. Nb5 Kf8 15. Nf3 Nb4 16. O-O Nc6 17. Rfd1 a6 18. Nc3 Rd8 19. Rac1 g6 20. Qf4 Kg7 21. Na4 Be7 22. Nc5 Bxc5 23. Rxc5 Qd6 24. Qxd6 Rxd6 25. Rdc1 Bg4 26. Kf1 Bxf3 27. Bxf3 Rhd8 28. Rd1 Kf6 29. g3 Ne7 30. Kg2 Rc6 31. Rcc1 Rdc8 32. Rxc6+ Rxc6 33. Rd2 Ke6 34. Kf1 Kd6 35. Ke2 Nf5 36. b3 Rb6 37. Bg4 Ng7 38. Ke3 f5 39. Bf3 Ne6 40. Bg2 Rc6 41. f4 Rc3+ 42. Ke2 b5 43. Bh1 a5 44. Bf3 a4 45. bxa4 bxa4 46. Bg2 Rc4 47. Ke3 Rb4 48. Bf3 Rc4 49. Bd1 Kc6 50. Rc2 Rxc2 51. Bxc2 Kb5 52. a3 Kc4 53. Bxa4 Nxd4 54. Bd1 Kc3 55. a4 Nc6 56. Bf3 d4+ 57. Ke2 d3+ 58. Kd1 Nb4 59. a5 d2 60. Ke2 Nc2 61. a6 Ne1 62. a7 Kc2 63. Ke3 Nxf3 64. a8=Q d1=Q 65. Qa4+ Kc1 66. Qxd1+ Kxd1 67. Kxf3 Ke1 68. g4 Kd2 69. h4 h5 70. g5 Kd3 71. Kf2 Ke4 72. Kg3 Ke3 73. Kg2 Kxf4 74. Kf2 Kg4 75. Kg2 Kxh4 76. Kh2 Kxg5 77. Kh1 Kg4 78. Kh2 f4 79. Kh1 Kg3 80. Kg1 f3 81. Kh1 h4 82. Kg1 f2+ 83. Kf1 h3 84. Ke2 h2 85. Ke3 h1=Q 0-1

[Event "36th Indian-ch U13 Girls 2023"]
[Site "Secunderabad"]
[Date "2023.12.07"]
[Round "7.8"]
[White "Pratiti Khandelwal"]
[Black "Saparya Ghosh"]
[Result "0-1"]
[ECO "B23"]
[WhiteElo "1412"]
[BlackElo "1662"]
[Annotator "NA RC"]
[PlyCount "128"]
[EventDate "2023.12.04"]
[EventType "swiss"]
[EventCountry "IND"]
[SourceTitle "playchess.com"]
[Source "ChessBase"]
[SourceQuality "1"]
[TimeControl "5400+30"]

1. e4 c5 2. Nc3 Nc6 3. Bb5 Nd4 4. Nf3 g6 5. Bc4 Bg7 6. Nxd4 cxd4 7. Qf3 e6 8. Nb5 d6 9. Qa3 Ke7 10. Qd3 Qb6 11. c3 dxc3 12. dxc3 a6 13. Be3 Qd8 14. Nd4 Nf6 15. f3 Qc7 16. O-O Re8 17. Rad1 Kf8 18. Bb3 Kg8 19. Nc2 d5 20. exd5 exd5 21. Bd4 Be6 22. Ne3 Rad8 23. Qc2 Nh5 24. Bxg7 Kxg7 25. Qf2 Nf4 26. Rfe1 Kg8 27. Kh1 d4 28. cxd4 Bxb3 29. axb3 Qb6 30. Ng4 Rxe1+ 31. Qxe1 Qxb3 32. Rd2 Rc8 33. h3 Qb4 34. Qe3 Nd5 35. Qe2 Rc1+ 36. Kh2 Rc8 37. Kh1 h5 38. Ne5 Rc1+ 39. Kh2 Qd6 40. Qe4 Rc7 41. Kg1 Nf6 42. Qf4 Nd5 43. Qe4 Kg7 44. Kf2 Rc1 45. Nd3 Rc4 46. Qe5+ Qxe5 47. dxe5 Rd4 48. Ke2 Nb6 49. Rc2 Nc4 50. f4 Re4+ 51. Kf2 h4 52. Re2 Rd4 53. b3 Rxd3 54. bxc4 Rd4 55. Kf3 Rxc4 56. Kg4 b5 57. Rf2 b4 58. Kxh4 b3 59. g3 Rb4 60. Rb2 a5 61. Kg4 a4 62. Kf3 a3 63. Rb1 a2 64. Ra1 b2 0-1

[Event "36th Indian-ch U13 Girls 2023"]
[Site "Secunderabad"]
[Date "2023.12.07"]
[Round "7.9"]
[White "Akshaya Sathi"]
[Black "Durga Karthika Lellapalli"]
[Result "1-0"]
[ECO "C45"]
[WhiteElo "1542"]
[BlackElo "1408"]
[Annotator "NA RC"]
[PlyCount "123"]
[EventDate "2023.12.04"]
[EventType "swiss"]
[EventCountry "IND"]
[SourceTitle "playchess.com"]
[Source "ChessBase"]
[SourceQuality "1"]
[TimeControl "5400+30"]

1. e4 e5 2. Nf3 Nc6 3. d4 exd4 4. Nxd4 Nf6 5. Nxc6 bxc6 6. e5 Nd5 7. c4 Nb6 8. Bd3 d5 9. exd6 cxd6 10. O-O Be7 11. Nc3 O-O 12. Qc2 h6 13. Bf4 Bb7 14. Rad1 d5 15. cxd5 cxd5 16. Bf5 Bd6 17. Bxd6 Qxd6 18. Rd4 Rfe8 19. Rfd1 Re5 20. Bd3 Rae8 21. Bf1 Qc6 22. Qc1 R8e6 23. Nb5 Nc4 24. Rxc4 dxc4 25. Nd4 Qe8 26. Nxe6 Qxe6 27. Qxc4 Bd5 28. Qc2 g6 29. b3 Rg5 30. g3 Re5 31. Bg2 Re1+ 32. Rxe1 Qxe1+ 33. Bf1 Be4 34. Qe2 Qxe2 35. Bxe2 Kf8 36. f3 Bb1 37. a3 Ke7 38. Kf2 Kd6 39. Ke3 Kc5 40. Bd3 Ba2 41. Bc2 a5 42. Kd3 a4 43. Kc3 axb3 44. Bxb3 Bb1 45. Bxf7 g5 46. a4 Bf5 47. Bc4 Bd7 48. a5 Bc6 49. f4 gxf4 50. gxf4 Be4 51. a6 Bc6 52. f5 Kd6 53. Kd4 Ke7 54. Bd5 Bxd5 55. Kxd5 Kf6 56. a7 Kxf5 57. a8=Q h5 58. Qf8+ Kg4 59. Ke4 h4 60. Qg7+ Kh3 61. Kf3 Kxh2 62. Qg2# 1-0

[Event "36th Indian-ch U13 Girls 2023"]
[Site "Secunderabad"]
[Date "2023.12.07"]
[Round "7.10"]
[White "Anushka Jain"]
[Black "Goddeti Hima Tejaswini"]
[Result "1/2-1/2"]
[ECO "A03"]
[WhiteElo "1359"]
[BlackElo "1507"]
[Annotator "NA RC"]
[PlyCount "67"]
[EventDate "2023.12.04"]
[EventType "swiss"]
[EventCountry "IND"]
[SourceTitle "playchess.com"]
[Source "ChessBase"]
[SourceQuality "1"]
[TimeControl "5400+30"]

1. f4 d5 2. Nf3 g6 3. g3 Bg7 4. Bg2 Nf6 5. d3 O-O 6. O-O c5 7. c3 Nc6 8. Na3 b6 9. e4 Bb7 10. e5 Ne8 11. d4 cxd4 12. cxd4 Nc7 13. Bh3 f5 14. Be3 Bh6 15. Nh4 e6 16. Nf3 Ba6 17. Rf2 Na5 18. b3 Qe7 19. Nc2 Rac8 20. Bd2 Nc6 21. Bf1 Bxf1 22. Qxf1 Qd7 23. b4 a5 24. a3 Ra8 25. b5 Na7 26. a4 Rfc8 27. Ne3 Ne8 28. Ne1 Bf8 29. N1c2 Kh8 30. Kh1 Ng7 31. Kg1 Be7 32. Qg2 g5 33. Kf1 gxf4 34. gxf4 1/2-1/2

[Event "36th Indian-ch U13 Girls 2023"]
[Site "Secunderabad"]
[Date "2023.12.08"]
[Round "8.1"]
[White "Gorli Nyna"]
[Black "Shreya G Hipparagi"]
[Result "1/2-1/2"]
[ECO "C54"]
[WhiteElo "1652"]
[BlackElo "1576"]
[Annotator "NA RC"]
[PlyCount "80"]
[EventDate "2023.12.04"]
[EventType "swiss"]
[EventCountry "IND"]
[SourceTitle "playchess.com"]
[Source "ChessBase"]
[SourceQuality "1"]
[TimeControl "5400+30"]

1. e4 e5 2. Nf3 Nc6 3. Bc4 Bc5 4. c3 Nf6 5. d3 d6 6. O-O O-O 7. h3 h6 8. Re1 a6 9. a4 Ba7 10. Nbd2 Nh5 11. Nf1 Qf6 12. Be3 Nf4 13. d4 g6 14. Ng3 h5 15. Bxf4 Qxf4 16. Qd3 Qf6 17. Rad1 Ne7 18. Qe3 Kg7 19. b4 Be6 20. Bxe6 Qxe6 21. Qg5 f6 22. Nxh5+ Kh7 23. Ng3 Kg7 24. Qd2 Rad8 25. Rc1 Qc4 26. Qc2 c6 27. Nd2 Qe6 28. Qb3 Kf7 29. Qxe6+ Kxe6 30. Nf3 Nc8 31. a5 Ne7 32. Kf1 Rd7 33. Rcd1 Rfd8 34. c4 exd4 35. Nxd4+ Bxd4 36. Rxd4 c5 37. bxc5 dxc5 38. Rxd7 Rxd7 39. e5 f5 40. Ne2 Kxe5 1/2-1/2

[Event "36th Indian-ch U13 Girls 2023"]
[Site "Secunderabad"]
[Date "2023.12.08"]
[Round "8.2"]
[White "Aamuktha Guntaka"]
[Black "Kirthika B"]
[Result "1/2-1/2"]
[ECO "C65"]
[WhiteElo "1532"]
[BlackElo "1605"]
[Annotator "NA RC"]
[PlyCount "94"]
[EventDate "2023.12.04"]
[EventType "swiss"]
[EventCountry "IND"]
[SourceTitle "playchess.com"]
[Source "ChessBase"]
[SourceQuality "1"]
[TimeControl "5400+30"]

1. e4 e5 2. Nf3 Nc6 3. Bb5 Nf6 4. d3 Bc5 5. Bxc6 dxc6 6. O-O Qe7 7. Nbd2 Bg4 8. h3 Bh5 9. a3 h6 10. Nc4 O-O-O 11. Qe2 Bd6 12. Ne3 g5 13. g4 Bg6 14. Kg2 Bc5 15. Nc4 h5 16. Bxg5 hxg4 17. hxg4 Qe6 18. Nfxe5 b5 19. Nxg6 fxg6 20. Bxf6 Qxf6 21. Ne3 Qf4 22. Rh1 Bd6 23. Rag1 Rh2+ 24. Rxh2 Qxh2+ 25. Kf1 Rf8 26. Rg2 Qh1+ 27. Rg1 Qh2 28. Rg2 Qh3 29. Ke1 Rf3 30. Rg1 Bc5 31. Rg3 Qh1+ 32. Kd2 Bxe3+ 33. Kc3 Rxg3 34. fxg3 Qg1 35. e5 Qxg3 36. Qf1 Qxe5+ 37. Kb3 Qd5+ 38. c4 bxc4+ 39. dxc4 Qe6 40. Qf8+ Kb7 41. Qb4+ Bb6 42. Ka4 c5 43. Qc3 Qxg4 44. Qd3 Qd4 45. Qf3+ Ka6 46. b4 Qxc4 47. Qb7+ Kxb7 1/2-1/2

[Event "36th Indian-ch U13 Girls 2023"]
[Site "Secunderabad"]
[Date "2023.12.08"]
[Round "8.3"]
[White "Nihira Koul"]
[Black "Sherali Pattnaik"]
[Result "1/2-1/2"]
[ECO "A25"]
[WhiteElo "1484"]
[BlackElo "1575"]
[Annotator "NA RC"]
[PlyCount "96"]
[EventDate "2023.12.04"]
[EventType "swiss"]
[EventCountry "IND"]
[SourceTitle "playchess.com"]
[Source "ChessBase"]
[SourceQuality "1"]
[TimeControl "5400+30"]

1. c4 e5 2. Nc3 Nf6 3. g3 Bb4 4. Bg2 Nc6 5. e3 O-O 6. Nge2 d6 7. O-O Bxc3 8. Nxc3 Bf5 9. d3 Nb4 10. a3 Nc6 11. b4 Rb8 12. Bb2 Re8 13. Rc1 Qd7 14. Nd5 Nxd5 15. cxd5 Ne7 16. e4 Bg6 17. Qd2 c6 18. d4 f6 19. dxc6 Nxc6 20. dxe5 fxe5 21. Rfd1 Rbd8 22. b5 Nb8 23. a4 Bf7 24. Qd3 Be6 25. Ba3 Qf7 26. Qe3 Bb3 27. Rxd6 Bxa4 28. Qxa7 Bxb5 29. Qb6 Rxd6 30. Bxd6 Ba6 31. Qb2 Nc6 32. Rd1 Qf6 33. Qb3+ Kh8 34. Bc5 Rd8 35. Bb6 Rxd1+ 36. Qxd1 h6 37. h4 Nb4 38. Bd8 Qf8 39. Bb6 Nd3 40. Bf1 Qd6 41. Be3 Qa3 42. Qc2 Kh7 43. Qc8 Qe7 44. Qf5+ Kg8 45. Qg6 Qf7 46. Qd6 Qf8 47. Qd5+ Qf7 48. Qd6 Qf8 1/2-1/2